 Dungeon Crawl Stone Soup version 0.24-a0-521-g122614bf49 (webtiles) character file.

Game seed: 18129924101516727843

138 Mithandil the Conjurer (level 5, -9/28 HPs)
             Began as a Deep Elf Conjurer on July 29, 2019.
             Mangled by an ogre
             ... wielding a +0 giant spiked club
              (21 damage)
             ... on level 3 of the Dungeon.
             The game lasted 00:12:30 (2233 turns).

Mithandil the Conjurer (Deep Elf Conjurer)          Turns: 2233, Time: 00:12:30

Health: -9/28      AC:  6    Str:  6    XL:     5   Next: 1%
Magic:  8/14       EV: 12    Int: 20    God:
Gold:   126        SH:  0    Dex: 15    Spells: 2/13 levels left

rFire    . . .     SeeInvis .   a - +0 dagger
rCold    . . .     Gourm    .   (no shield)
rNeg     . . .     Faith    .   f - +0 leather armour
rPois    .         Spirit   .   (no helmet)
rElec    .         Reflect  .   n - +2 cloak
rCorr    .         Harm     .   (no gloves)
MR       .....                  (no boots)
Stlth    ++........             (no amulet)
HPRegen  0.09/turn              (no ring)
MPRegen  0.14/turn              (no ring)

@: no status effects
A: no striking features
a: no special abilities


You were on level 3 of the Dungeon.
You were not hungry.

You visited 1 branch of the dungeon, and saw 4 of its levels.

You collected 126 gold pieces.

Inventory:

Hand Weapons
 a - a +0 dagger (weapon)
 l - a +1 spear of flaming
 m - a +0 short sword
Missiles
 b - 90 stones (quivered)
Armour
 f - a +0 leather armour (worn)
 n - a +2 cloak (worn)
Scrolls
 d - a scroll of identify
 e - 3 scrolls of teleportation
 h - a scroll of remove curse
 k - a scroll of enchant weapon {unknown}
Potions
 i - a potion of haste {unknown}
 j - a potion of resistance {unknown}
Comestibles
 c - 3 rations
 g - 7 chunks of flesh


   Skills:
 + Level 3.2 Dodging
 + Level 3.5 Stealth
 * Level 4.7 Spellcasting
 * Level 5.3 Conjurations


You had 2 spell levels left.
You knew the following spells:

 Your Spells              Type           Power        Failure   Level  Hunger
a - Magic Dart            Conj           ####         1%          1    None
b - Searing Ray           Conj           ####..       3%          2    #......
c - Force Lance           Conj/Tloc      ###.....     52%         4    ####...
d - Iskenderun's Mystic   Conj           ####....     21%         4    ####...

Your spell library contained the following spells:

 Spells                   Type           Power        Failure   Level  Hunger
 Dazzling Spray           Conj/Hex       ###...       19%         3    ##.....
 Fulminant Prism          Conj/Hex       ###.......   52%         4    ####...


Dungeon Overview and Level Annotations

Branches:
Dungeon (4/15)
 Temple: D:4-7

Altars:
Okawaru

Shops:
D:4 %

Annotations:
D:4 Ijyb


Message History

The searing ray hits the adder!
You kill the adder!
You have reached level 5!
Okay, then.
You now have 126 gold pieces (gained 19).
You start resting.
HP restored.
Some of the chunks of flesh in your inventory have rotted away.
An ogre comes into view. It is wielding a +0 giant spiked club.
The ogre shouts!
The ogre hits you with a +0 giant spiked club!
Ouch! That really hurt!
There is a stone staircase leading up, spattered with blood here.
You climb upwards.
A hobgoblin comes into view. It is wielding a +0 club.
There is a stone staircase leading down here.
A bat comes into view.
The ogre hits you with a +0 giant spiked club!!
Ouch! That really hurt!
You die...

#.≈..≈≈.......
####.####..... #.
##.### #. #.# #.
#.# #.#####.###
#..........
#########.#####.###
#O@......b #.#
#>######## #.# #.#
#.# #.# #.... #.#
####. #g. ###


You could see an ogre, a hobgoblin (sleeping) and a bat (sleeping).

Vanquished Creatures
  A bullfrog skeleton (D:4)
  4 adders
  3 worms
  4 dart slugs
  5 leopard geckos
  5 bats
  2 giant cockroaches (D:3)
  6 goblins
  7 hobgoblins
  2 jackals (D:1)
  4 kobolds
  A quokka (D:2)
  2 ball pythons
  3 frilled lizards
  5 rats
54 creatures vanquished.

Notes
Turn   | Place    | Note
-------+----------+-------------------------------------------
     0 | D:1      | Mithandil the Deep Elf Conjurer began the quest for the
                  | Orb.
     0 | D:1      | Reached XP level 1. HP: 10/10 MP: 6/6
   145 | D:1      | Reached XP level 2. HP: 14/15 MP: 1/8
   839 | D:2      | Reached XP level 3. HP: 19/19 MP: 6/10
   843 | D:2      | Learned a level 2 spell: Searing Ray
  1618 | D:2      | Reached skill level 5 in Conjurations
  1724 | D:2      | Reached XP level 4. HP: 24/24 MP: 10/12
  1730 | D:2      | Learned a level 4 spell: Force Lance
  1735 | D:2      | Learned a level 4 spell: Iskenderun's Mystic Blast
  1884 | D:3      | Found a faded altar of an unknown god.
  2118 | D:4      | Found Extal's Food Shop.
  2136 | D:3      | Found an iron altar of Okawaru.
  2183 | D:4      | Noticed Ijyb
  2203 | D:4      | Reached XP level 5. HP: 26/28 MP: 4/14
  2227 | D:4      | Noticed an ogre
  2233 | D:3      | Mangled by an ogre

Levels and vault maps discovered:
D:1:      dpeg_arrival_snail, layout_basic
D:2:      layout_basic, kennysheep_small_spiral
D:3:      layout_loops_ring, chequers_ecumenical_altar_island,
          okawaru_ov_weapons_minmay
D:4:      layout_cave_pools, nemelex_xobeh_ov_fountains_minmay, serial_shops,
          nicolae_shop_overgrown_old_shop,
          nicolae_shop_temple_entry_statues_fountains, kennysheep_mini_moat,
          shop, first_ration, fedhas_ov_isle_minmay, uniq_ijyb

Skill      XL: |  1  2  3 |
---------------+----------+-----
Stealth        | 3 |  3.5
Spellcasting   | 4 |  4.7
Dodging        | 3 |  3.2
Conjurations   | 5 |  5.3

Action                   |  1- 3 |  4- 6 || total
-------------------------+-------+-------++-------
Melee: Spear             |    23 |       ||    23
       Unarmed           |     6 |       ||     6
       Dagger            |     3 |       ||     3
 Cast: Magic Dart        |    76 |    20 ||    96
       Searing Ray       |     2 |     6 ||     8
  Use: Scroll            |       |     5 ||     5
  Eat: Chunk             |     2 |     2 ||     4
Armor: Leather armour    |    15 |     1 ||    16
       Robe              |     4 |       ||     4
Dodge: Dodged            |    41 |     3 ||    44

Table legend:
 A = Non-vault XP
 B = Vault XP
 C = Vault XP percentage of total XP
 D = Non-vault monster count
 E = Vault monster count
 F = Vault count percentage of total count
                 A         B        C        D         E       F
            +---------+---------+-------+---------+---------+-------
      Total |     198 |       0 |   0.0 |      54 |       0 |   0.0
            +---------+---------+-------+---------+---------+-------
        D:1 |      36 |       0 |   0.0 |      18 |       0 |   0.0
        D:2 |      61 |       0 |   0.0 |      18 |       0 |   0.0
        D:3 |      45 |       0 |   0.0 |      14 |       0 |   0.0
        D:4 |      56 |       0 |   0.0 |       4 |       0 |   0.0
            +---------+---------+-------+---------+---------+-------
